 Dungeon Crawl Stone Soup version 0.22-a0-833-g8522bf8 (webtiles) character file.

9964 Amnesiac the Geomancer (level 11, 0/68 HPs)
             Began as a Mummy Earth Elementalist on July 25, 2018.
             Was a Follower of Vehumet.
             Killed from afar by a deep troll earth mage (26 damage)
             ... with a blast of rock fragments
             ... on level 10 of the Dungeon.
             The game lasted 00:18:42 (10199 turns).

Amnesiac the Geomancer (Mummy Earth Elementalist)  Turns: 10199, Time: 00:18:43

Health: 0/68       AC: 13    Str: 11    XL:     11   Next: 30%
Magic:  2/26       EV: 11    Int: 17    God:    Vehumet [*.....]
Gold:   660        SH:  4    Dex: 14    Spells: 17/32 levels left

rFire    x . .     SeeInvis .   a - +6 dagger (elec)
rCold    + . .     Gourm    .   q - +0 buckler
rNeg     + + +     Faith    .   v - +0 troll leather armour
rPois    ∞         Spirit   .   g - +0 helmet
rElec    .         Reflect  .   (no cloak)
rCorr    .         Harm     .   p - +0 pair of gloves
MR       +....                  (no boots)
Stlth    ++........             o - amulet of regeneration
HPRegen  1.01/turn              k - +5 ring of protection
MPRegen  0.20/turn              x - +2 ring of protection

@: no status effects
A: no food or potions, fire vulnerability, cold resistance 1, negative energy
resistance 3, torment resistance, unbreathing
a: Renounce Religion


You were on level 10 of the Dungeon.
You worshipped Vehumet.
Vehumet was aware of your devotion.
You were not hungry.

You visited 2 branches of the dungeon, and saw 11 of its levels.

You collected 660 gold pieces.

Inventory:

Hand Weapons
 a - a +6 dagger of electrocution (weapon)
 b - a +0 hunting sling of venom
 l - a +0 blowgun
Missiles
 d - 352 stones (quivered)
 e - 72 sling bullets
 m - 7 poisoned needles
Armour
 g - a +0 helmet (worn)
 p - a +0 pair of gloves (worn)
 q - a +0 buckler (worn)
 t - the +0 scale mail of the Pure Lovers {rF+}
   (You found it on level 8 of the Dungeon)

   It protects you from fire.
 v - a +0 troll leather armour (worn)
 y - +0 swamp dragon scales
Jewellery
 k - a +5 ring of protection (left hand)
 o - an amulet of regeneration (around neck)
 r - a +2 ring of evasion
 x - a +2 ring of protection (right hand)
Wands
 f - a wand of random effects (28)
 i - a wand of flame (72)
 u - a wand of acid (2)
Scrolls
 h - 10 scrolls of teleportation {!r}
 j - 4 scrolls of amnesia {!r}
 n - a scroll of vulnerability {!r}
 s - a scroll of enchant armour {!r}
 w - 2 scrolls of fog {!r}
 z - 2 scrolls of identify {!r}
 A - a scroll of remove curse {!r}


   Skills:
 - Level 1.5 Dodging
 - Level 1.5 Stealth
 + Level 2.0 Shields
 + Level 11.2 Spellcasting
 - Level 4.0 Conjurations
 - Level 4.1 Transmutations
 * Level 11.3 Earth Magic


You had 17 spell levels left.
You knew the following spells:

 Your Spells              Type           Power        Failure   Level  Hunger
a - Sandblast             Erth           #####.       1%          1    N/A
b - Passwall              Tmut/Erth      #####...     1%          2    N/A
c - Stone Arrow           Conj/Erth      #####.       1%          3    N/A
d - Lee's Rapid Deconstr  Erth           #####.....   3%          5    N/A
e - Petrify               Tmut/Erth      #####...     5%          4    N/A

Your spell library contained the following spells:

 Spells                   Type           Power        Failure   Level  Hunger
 Fireball                 Conj/Fire      ###.......   85%         5    N/A
 Conjure Flame            Conj/Fire      ###.....     17%         3    N/A
 Throw Flame              Conj/Fire      ###...       9%          2    N/A
 Animate Dead             Necr           N/A          78%         4    N/A
 Pain                     Necr           #...         13%         1    N/A
 Animate Skeleton         Necr           N/A          13%         1    N/A
 Vampiric Draining        Necr           #.........   36%         3    N/A
 Sticky Flame             Conj/Fire      ###.....     50%         4    N/A
 Regeneration             Chrm/Necr      #.........   36%         3    N/A
 Flame Tongue             Conj/Fire      ###..        6%          1    N/A
 Inner Flame              Hex/Fire       #.......     36%         3    N/A

Dungeon Overview and Level Annotations

Branches:
Dungeon (10/15)            Temple (1/1) D:5
   Lair: D:8-11         Orc: D:9-12

Altars:
Ashenzari
Cheibriados
Dithmenos
Elyvilon
Fedhas
Gozag
Hepliaklqana
Kikubaaqudgha
Makhleb
Nemelex Xobeh
Okawaru
Qazlal
Ru
Sif Muna
Trog
Uskayaw
Vehumet
Wu Jian
Xom
Yredelemnul
Zin
The Shining One

Shops:
D:4 =   D:5 ?

Annotations:
D:7 soark's ghost, novice DsGl


Innate Abilities, Weirdness & Mutations

You do not eat or drink.
Your flesh is vulnerable to fire.
You are immune to poison.
Your flesh is cold resistant. (rC+)
You are immune to negative energy. (rN+++)
You are immune to unholy pain and torment.
You can survive without breathing.


Message History

The deep troll earth mage claws you.
* * * LOW HITPOINT WARNING * * *
Unknown command.
Really read
c - a scroll of fear {!r}?
As you read the scroll of fear {!r}, it crumbles to dust.
You assume a fearsome visage.
The troll looks frightened!
The deep troll earth mage looks frightened!
The orc warlord looks frightened!
Casting: Petrify (safe; 5% risk of failure)
Confirm with . or Enter, or press ? or * to list all spells.
Aiming: Passwall (safe; 1% risk of failure)
Press: ? - help, Dir - move target cursor, p - orc warlord A rock wall.
You begin to meditate on the wall.
You continue meditating on the rock. x2
The orc warlord seems to regain its courage.
You finish merging with the rock.
You hear a grinding noise.
You block the wyvern's attack.
You hear a grinding noise.
Evoke which item? (* to show all) (? for menu, Esc to quit)
Aiming: Corrosive Bolt
Press: ? - help, Shift-Dir - straight line, f - wyvern
Aim: a wyvern The bolt of acid hits the wyvern.
The wyvern is splashed with acid.
The acid corrodes the wyvern!
The wyvern is heavily wounded.
You block the wyvern's attack. x2
Casting: Passwall (safe; 1% risk of failure)
Confirm with . or Enter, or press ? or * to list all spells.
Aiming: Sandblast (safe; 1% risk of failure)
Press: ? - help, Shift-Dir - straight line, f/p - wyvern
Aim: a wyvern (heavily wounded, covered in acid)
The blast of sand hits the wyvern.
The wyvern is almost dead.
d - 353 stones The wyvern closely misses you.
Unknown command.
Casting: Sandblast (safe; 1% risk of failure)
Confirm with . or Enter, or press ? or * to list all spells.
Aiming: Sandblast (safe; 1% risk of failure)
Press: ? - help, Shift-Dir - straight line, f/p - wyvern
Aim: a wyvern (almost dead, covered in acid)
The blast of sand hits the wyvern.
You kill the wyvern!
Vehumet accepts your kill.
Your Shields skill increases to level 2!
d - 352 stones Some rock shatters into small pieces.
Unknown command.
Evoke which item? (* to show all) (? for menu, Esc to quit)
Okay, then.
Evoke which item? (* to show all) (? for menu, Esc to quit)
Aiming: Corrosive Bolt
Press: ? - help, Shift-Dir - straight line, f - deep troll earth mage
Aim: a deep troll earth mage (moderately wounded)
The bolt of acid misses the deep troll earth mage.
Evoke which item? (* to show all) (? for menu, Esc to quit)
Aiming: Corrosive Bolt
Press: ? - help, Shift-Dir - straight line, f/p - deep troll earth mage
Aim: a deep troll earth mage (moderately wounded)
The bolt of acid misses the deep troll earth mage.
The deep troll earth mage gestures at you while chanting.
The wall shatters!
The blast of rock fragments hits you!
You die...

#T# #.###.#.......#.###.#
#.# #....#.........#....#
#.######.....⌠.##'##.⌠#....#
#......T....#..#...#.##...##
########.#...............##
#.#.....#...#...#.#
#.##>#..#####.#...#
...#.#........###.#
#..T[@....... .#
##.#.######## #.#.# #.#.#
#.#.# #.#(# #.#(# #.#.#
#.#(#


You could see a deep troll earth mage.

Vanquished Creatures
  A hydra (D:9)
  A two-headed ogre (D:10)
  An ugly thing (D:7)
  2 trolls
  3 polar bears
  Grinder (D:5)
  A hornet (shapeshifter) (D:10)
  2 dream sheep (D:9)
  3 hippogriffs (D:8)
  Sigmund (D:3)
  2 wyverns (D:10)
  2 yaks (D:9)
  A hungry ghost (D:10)
  4 orc warriors
  Duvessa (D:5)
  4 ice beasts
  2 black bears
  A phantom (D:6)
  2 sky beasts
  A wolf (D:8)
  5 ogres
  2 crocodiles
  2 centaurs
  4 big kobolds
  4 bullfrogs
  A gnoll sergeant (D:7)
  Dowan (D:5)
  A howler monkey (D:7)
  8 crimson imps
  2 bullfrog zombies (D:10)
  A centaur zombie (D:10)
  4 jellies
  2 hounds
  6 orc priests
  3 bullfrog skeletons
  3 centaur skeletons
  8 orc wizards
  3 gnoll shamans
  Ijyb (D:4)
  Jessica (D:2)
  4 iguanas
  6 worker ants
  A hound skeleton (D:5)
  A howler monkey zombie (D:6)
  15 gnolls
  2 howler monkey skeletons
  8 adders
  2 shadow imps
  A white imp (D:8)
  2 oozes (D:2)
  An adder zombie (D:6)
  2 adder skeletons
  3 dart slugs
  4 leopard geckos
  32 orcs
  3 ball pythons
  8 bats
  5 giant cockroaches
  12 goblins
  7 hobgoblins
  6 jackals
  4 quokkas
  9 frilled lizards
  8 kobolds
  A quokka zombie (D:5)
  10 rats
255 creatures vanquished.

Vanquished Creatures (others)
  A scorpion (D:4)
  A worker ant (D:4)
  An adder (D:4)
  A worm (D:4)
  A ball python (D:4)
  3 giant cockroaches (D:4)
8 creatures vanquished.

Grand Total: 263 creatures vanquished

Notes
Turn   | Place    | Note
-------+----------+-------------------------------------------
     0 | D:1      | Amnesiac the Mummy Earth Elementalist began the quest for the Orb.
     0 | D:1      | Reached XP level 1. HP: 13/13 MP: 4/4
   161 | D:2      | Reached XP level 2. HP: 15/19 MP: 1/5
   262 | D:2      | Noticed Jessica
   265 | D:2      | Killed Jessica
   265 | D:2      | Reached XP level 3. HP: 22/24 MP: 3/7
   269 | D:2      | Learned a level 2 spell: Passwall
   273 | D:2      | Learned a level 3 spell: Stone Arrow
   293 | D:2      | Found an opulent altar of Gozag.
   523 | D:3      | Reached XP level 4. HP: 30/30 MP: 9/9
   654 | D:3      | Noticed Sigmund
   674 | D:3      | Killed Sigmund
   674 | D:3      | Reached XP level 5. HP: 21/35 MP: 2/12
   737 | D:3      | Learned a level 4 spell: Petrify
   767 | D:2      | Found an iron altar of Okawaru.
   767 | D:2      | Found a glowing golden altar of the Shining One.
   767 | D:2      | Found a snail-covered altar of Cheibriados.
   767 | D:2      | Found a shimmering altar of Xom.
   779 | D:4      | Found Qutell's Jewellery Emporium.
   783 | D:4      | Noticed Ijyb
   797 | D:4      | Killed Ijyb
   873 | D:4      | Reached XP level 6. HP: 22/41 MP: 13/13
  1051 | D:4      | Reached skill level 5 in Spellcasting
  1051 | D:4      | Reached skill level 5 in Earth Magic
  1058 | D:4      | Learned a level 5 spell: Lee's Rapid Deconstruction
  1169 | D:4      | Found a shimmering altar of Xom.
  1500 | D:4      | Reached XP level 7. HP: 30/46 MP: 7/15
  1601 | D:4      | Found an ancient bone altar of Kikubaaqudgha.
  1631 | D:5      | Entered Level 5 of the Dungeon
  1631 | D:5      | Noticed Duvessa
  1631 | D:5      | Noticed Dowan
  1640 | D:4      | Reached skill level 1 in Transmutations
  1929 | D:5      | Found a shattered altar of Ashenzari.
  2022 | D:5      | Killed Duvessa
  2022 | D:5      | Reached skill level 1 in Conjurations
  2186 | D:5      | Found Ybboup's Magic Scroll Emporium.
  2193 | D:5      | Found a staircase to the Ecumenical Temple.
  2216 | Temple   | Entered the Ecumenical Temple
  2373 | D:5      | Killed Dowan
  2708 | D:5      | Noticed Grinder
  2717 | D:5      | Killed Grinder
  2717 | D:5      | Reached XP level 8. HP: 32/52 MP: 8/18
  2944 | D:2      | Found a shadowy altar of Dithmenos.
  2944 | D:2      | Found a sparkling altar of Nemelex Xobeh.
  3024 | D:3      | Found a bloodstained altar of Trog.
  3163 | D:3      | You fall through a shaft!
  3319 | D:6      | Found a stormy altar of Qazlal.
  4105 | D:6      | Reached XP level 9. HP: 43/57 MP: 18/21
  4440 | D:7      | Found a runed door.
  4440 | D:7      | Noticed soark's ghost (novice DsGl)
  4695 | D:7      | Found a blossoming altar of Fedhas.
  4981 | D:7      | Noticed a red ugly thing
  5486 | D:7      | Killed a red ugly thing
  5841 | D:8      | Noticed a polar bear
  5857 | D:7      | Killed a polar bear
  5857 | D:7      | Reached XP level 10. HP: 19/63 MP: 2/23
  6530 | D:8      | Reached skill level 10 in Earth Magic
  6589 | D:8      | Reached skill level 10 in Spellcasting
  6892 | D:8      | Got a dazzling scale mail
  7237 | D:9      | Noticed a three-headed hydra
  7257 | D:9      | Killed a three-headed hydra
  7692 | D:9      | Reached XP level 11. HP: 66/68 MP: 25/25
  7713 | D:9      | Identified the cursed +0 scale mail of the Pure Lovers {rF+} (You found it on level 8 of the Dungeon)
  7894 | D:9      | Found a sacrificial altar of Ru.
  8601 | D:3      | Found a burning altar of Makhleb.
  8601 | D:3      | Found a radiant altar of Vehumet.
  8611 | D:3      | Became a worshipper of Vehumet
  9221 | D:1      | Reached * piety under Vehumet
  9221 | D:1      | Offered knowledge of Shock by Vehumet.
  9653 | D:10     | Entered Level 10 of the Dungeon
  9804 | D:10     | Reached skill level 1 in Shields
  9869 | D:10     | Found a shattered altar of Ashenzari.
  9900 | D:10     | Noticed a two-headed ogre
  9910 | D:10     | Killed a two-headed ogre
  9943 | D:10     | Noticed an orc warlord
 10181 | D:10     | Noticed a deep troll earth mage
 10199 | D:10     | Killed from afar by a deep troll earth mage

Vault maps used:
D:1:      minmay_arrival_solitary_statue, skrybe_limestone_x,
          serial_bayou_lagoon_a, minmay_nonomino_d4
D:2:      grunt_temple_overflow_open, gammafunk_temple_overflow_wave,
          nicolae_gozag_seed_capital, uniq_jessica
D:3:      grunt_temple_overflow_lords_of_destruction, lemuel_crystal_altar,
          minmay_misc_feat_pillars, uniq_sigmund
D:4:      kiku_gazebo_pond_becter, first_ration, serial_shops, shop,
          xom_confusion_cloud, uniq_ijyb
D:5:      lemuel_crystal_altar, minmay_temple_entry_overgrown, serial_shops,
          shop, uniq_grinder, uniq_duvessa
D:6:      minmay_cornered_nines, lemuel_crystal_altar, kennysheep_generic_room_6
D:7:      hellmonk_ghost_happy_afterlife, basic_altar, serial_bayou_pond_b,
          kennysheep_generic_room_14
D:8:      serial_ice, serial_ice_l, serial_ice_m, serial_ice_g, serial_ice_f
D:9:      hangedman_ru_absence, hangedman_ranch
D:10:     minmay_sliced_demisemicircle, dpeg_lair_monsters,
          evilmike_ruin_ashenzari
Temple:   nicolae_temple_figure_zero

Skill      XL: |  1  2  3  4  5  6  7  8  9 10 11 |
---------------+----------------------------------+-----
Spellcasting   | 3 4 5 7 8 9 10 11 | 11.2
Earth Magic    | 3 4 5 7 8 9 10 11 | 11.3
Transmutations | 1 2 4 |  4.1
Conjurations   | 1 2 4 |  4.0
Shields        | 2 |  2.0
Dodging        | |  1.5
Stealth        | |  1.5

Action                   |  1- 3 |  4- 6 |  7- 9 | 10-12 || total
-------------------------+-------+-------+-------+-------++-------
Melee: Unarmed           |     6 |       |       |       ||     6
       Dagger            |       |    61 |   185 |   204 ||   450
 Fire: Hunting sling     |    33 |    16 |    74 |     3 ||   126
 Cast: Sandblast         |    16 |    20 |    61 |     8 ||   105
       Petrify           |       |     2 |    14 |     7 ||    23
       Lee's Rapid Decon |       |     1 |    29 |    46 ||    76
       Passwall          |       |       |       |     5 ||     5
       Stone Arrow       |       |       |       |     1 ||     1
Evoke: Wand              |       |       |     1 |     3 ||     4
  Use: Scroll            |       |     6 |     4 |     9 ||    19
 Stab: Petrified         |       |     7 |    28 |    15 ||    50
       Distracted        |       |     1 |     2 |       ||     3
       Sleeping          |       |       |     4 |     2 ||     6
       Petrifying        |       |       |     2 |       ||     2
Armor: Robe              |     4 |    18 |    65 |    26 ||   113
       Troll leather arm |       |       |       |    55 ||    55
       Scale mail        |       |       |       |     9 ||     9
Dodge: Dodged            |    22 |    36 |   118 |   142 ||   318
Block: Buckler           |       |       |       |    22 ||    22

Table legend:
 A = Spawn XP
 B = Non-spawn XP
 C = Spawn XP percentage of total XP
 D = Spawn monster count
 E = Non-spawn monster count
 F = Spawn count percentage of total count
 G = Total turns spent on level
                    A         B        C        D         E        F      G
               +---------+---------+-------+---------+---------+-------+---------
         Total |       0 |   14235 |   0.0 |       0 |     255 |   0.0 | 10199
               +---------+---------+-------+---------+---------+-------+---------
           D:1 |       0 |      63 |   0.0 |       0 |      39 |   0.0 |   962
           D:2 |       0 |     114 |   0.0 |       0 |      20 |   0.0 |   537
           D:3 |       0 |     306 |   0.0 |       0 |      16 |   0.0 |   855
           D:4 |       0 |     483 |   0.0 |       0 |      22 |   0.0 |  1030
           D:5 |       0 |    1033 |   0.0 |       0 |      15 |   0.0 |  1128
           D:6 |       0 |    1225 |   0.0 |       0 |      37 |   0.0 |  1166
           D:7 |       0 |    2610 |   0.0 |       0 |      47 |   0.0 |  1773
           D:8 |       0 |    2617 |   0.0 |       0 |      23 |   0.0 |  1090
           D:9 |       0 |    3039 |   0.0 |       0 |      21 |   0.0 |  1002
          D:10 |       0 |    2745 |   0.0 |       0 |      15 |   0.0 |   546
               +---------+---------+-------+---------+---------+-------+---------
